 Dungeon Crawl Stone Soup version 0.28-a0-957-g42eb19b844 (webtiles) character file.

Game seed: 15236129029813738004

186 ryw the Sneak (level 5, -2/41 HPs)
             Began as a Human Brigand on Dec 1, 2021.
             Slain by a goblin (3 damage)
             ... led by Robin
             ... on level 3 of the Dungeon.
             The game lasted 00:04:01 (2739 turns).

ryw the Sneak (Human Brigand)                       Turns: 2739, Time: 00:04:02

Health: -2/41      AC:  3    Str: 11    XL:     5   Next: 97%
Magic:  5/5        EV: 11    Int: 19    God:
Gold:   49         SH:  0    Dex: 15    Spells: 4/4 levels left

rFire   . . .      SeeInvis .   h - +3 dagger
rCold   . . .      Faith    .   (no shield)
rNeg    . . .      Spirit   .   b - +0 robe
rPois   .          Reflect  .   (no helmet)
rElec   .          Harm     .   c - +0 cloak
rCorr   .          Rampage  .   (no gloves)
Will    .....                   (no boots)
Stlth   +++.......              (no amulet)
HPRegen 0.13/turn               a - +6 ring of intelligence
MPRegen 0.09/turn               (no ring)

@: about to teleport
A: no striking features
a: no special abilities


You were on level 3 of the Dungeon.
You visited 1 branch of the dungeon, and saw 3 of its levels.

You collected 49 gold pieces.

Inventory:

Hand Weapons
 h - a +3 dagger (weapon)
Missiles
 d - 6 poisoned darts (quivered)
 e - 2 curare-tipped darts
 f - 8 boomerangs
Armour
 b - a +0 robe (worn)
 c - a +0 cloak (worn)
Jewellery
 a - a +6 ring of intelligence (left hand)
 j - an amulet of faith
Wands
 i - a wand of iceblast (4)
Scrolls
 l - a scroll of vulnerability {unknown}
 n - a scroll of identify
Potions
 g - a potion of curing
 m - a potion of flight {unknown}
 o - a potion of heal wounds {unknown}


   Skills:
 + Level 3.6 Fighting
 + Level 3.6 Short Blades
 + Level 3.6 Throwing
 - Level 1.0 Dodging
 - Level 4.0 Stealth


You had 4 spell levels left.
You didn't know any spells.
Your spell library was empty.

Dungeon Overview and Level Annotations

Branches:
Dungeon (3/15)

Altars:
Okawaru

Shops:
D:2 [

Annotations:
D:2 1 runed translucent door, Crazy Yiuf
D:3 Natasha, Robin, Sigmund


Message History

The hobgoblin is almost dead.
The goblin hits you with a +0 club. The goblin closely misses you.
The hobgoblin hits you but does no damage.
Unknown command.
You hit the hobgoblin.
You kill the hobgoblin!
The goblin hits you with a +0 club.
* * * LOW HITPOINT WARNING * * *
The goblin misses you.
A goblin comes into view. It is wielding a +0 dagger.
Robin throws the goblin at you!
You hit the goblin.
The goblin is heavily wounded.
The goblin closely misses you. The goblin hits you with a +0 dagger.
* * * LOW HITPOINT WARNING * * *
The goblin barely misses you.
Unknown command.
As you read the scroll of teleportation, it crumbles to dust.
You feel strangely unstable. The goblin hits you with a +0 club.
* * * LOW HITPOINT WARNING * * *
The goblin closely misses you. The goblin hits you but does no damage.
Unknown command.
You feel better. The goblin hits you but does no damage.
The goblin closely misses you. x2
Natasha casts a spell.
Unknown command.
You hit the goblin.
The goblin is severely wounded.
The goblin hits you with a +0 club.
* * * LOW HITPOINT WARNING * * *
The goblin hits you but does no damage. The goblin hits you with a +0 dagger.
* * * LOW HITPOINT WARNING * * *
Unknown command.
You closely miss the goblin.
The goblin is severely wounded.
Natasha mumbles some strange words.
The goblin hits you with a +0 club.
* * * LOW HITPOINT WARNING * * *
The goblin closely misses you. The goblin hits you with a +0 dagger.
You die...

..# .. #.# .# .#
#.#######.# .#
#.........# #>#
#........# #.#
#.######.### #.#
#######.# #...######.#
.).....>######.#gg5h5g..#
####<.........gg@#####5.#
#.##.######.#######..##
#.##.# .....g.g.....#
#.##.# #.#.#.#####.5.#
#)##.# #...# #...# #(##.#
# .## #...# #.##.# #...#
#.##.# #...# .....# #...#


You could see 2 iron imps, Robin, Natasha and 4 goblins.

Vanquished Creatures
  An ogre (D:3)
  Terence (D:2)
  3 adders (D:2)
  2 dart slugs
  A ball python (D:1)
  2 bats
  5 endoplasms
  3 giant cockroaches
  6 hobgoblins
  2 quokkas
  3 frilled lizards
  7 goblins
  8 kobolds
  3 rats
47 creatures vanquished.

Notes
Turn   | Place    | Note
-------+----------+-------------------------------------------
     0 | D:1      | ryw the Human Brigand began the quest for the Orb.
     0 | D:1      | Reached XP level 1. HP: 16/16 MP: 1/1
   313 | D:1      | Found a faded altar of an unknown god.
   325 | D:1      | Reached XP level 2. HP: 15/22 MP: 2/2
  1134 | D:2      | Reached XP level 3. HP: 28/28 MP: 3/3
  1639 | D:2      | Reached XP level 4. HP: 20/34 MP: 4/4
  1837 | D:2      | Found Gamp's Armour Emporium.
  1951 | D:2      | Found a runed translucent door.
  1952 | D:2      | Noticed Crazy Yiuf
  1990 | D:2      | Found an iron altar of Okawaru.
  2255 | D:3      | Noticed Terence
  2278 | D:2      | Killed Terence
  2463 | D:3      | Noticed an ogre
  2516 | D:3      | Noticed Sigmund
  2558 | D:3      | Killed an ogre
  2559 | D:3      | Reached XP level 5. HP: 29/41 MP: 5/5
  2704 | D:3      | Noticed Natasha
  2709 | D:3      | Noticed Robin
  2739 | D:3      | HP: 1/41 [goblin[Robin] (2)]
  2739 | D:3      | Slain by a goblin

Illustrated notes

Levels and vault maps discovered:
D:1:      tarquinn_simple_flora_water_b, layout_basic,
          hellmonk_ecumenical_altar_arch_garden
D:2:      layout_rooms, serial_shops, shop, basic_altar, chequers_arboretum,
          uniq_crazy_yiuf_cottage
D:3:      layout_loops_ring, tgw_xom, lemuel_crystal_altar,
          grunt_temple_overflow_open, ebering_ghost_sewer_f, uniq_natasha,
          uniq_robin, uniq_sigmund, uniq_jessica, uniq_terence

Skill      XL: |  1  2  3  4 |
---------------+-------------+-----
Fighting       | 3 |  3.6
Short Blades   | 3 |  3.6
Throwing       | 3 |  3.6
Dodging        | |  1.0
Stealth        | |  4.0

Action                   |  1- 3 |  4- 6 || total
-------------------------+-------+-------++-------
Melee: Dagger            |    64 |    56 ||   120
Throw: Dart              |       |     8 ||     8
  Use: Scroll            |     3 |     2 ||     5
       Potion            |     1 |     1 ||     2
 Stab: Sleeping          |     7 |     3 ||    10
Armor: Robe              |     4 |    20 ||    24
Dodge: Dodged            |    23 |    43 ||    66

Table legend: (Time is in decaauts)
 A = Elapsed time spent in this place.
 B = Non-inter-level travel time spent in this place.
 C = Inter-level travel time spent in this place.
 D = Time resting spent in this place.
 E = Time spent auto-exploring this place.
 F = Levels seen in this place.
 G = Mean time per level.
                   A        B        C        D        E       F      G
               +--------+--------+--------+--------+--------+-----+--------+
         Total |   2722 |   2626 |     96 |    548 |   1669 |   3 |  907.3 |
       Dungeon |   2722 |   2626 |     96 |    548 |   1669 |   3 |  907.3 |
               +--------+--------+--------+--------+--------+-----+--------+

Top non-repeatable levels by time:
     D:2: 1322 daAuts
     D:1: 1122 daAuts
     D:3: 277 daAuts
